[Event "Late-Titled-Tuesday-Blitz-September-26-2023"]
[Site "Chess.com"]
[Date "2023.09.26"]
[Round "7"]
[White "FMVolodymyrSakun"]
[Black "YEIKO2017"]
[Result "1-0"]
[WhiteElo "2648"]
[BlackElo "2476"]
[TimeControl "180+1"]
[EndTime "15:14:44 PDT"]
[Termination "FMVolodymyrSakun won on time"]

1. d4 Nf6 2. c4 e5 3. dxe5 Ng4 4. Nf3 Bc5 5. e3 Nc6 6. Be2 O-O 7. O-O Re8 8. b3 Ngxe5 9. Bb2 Nxf3+ 10. Bxf3 Ne5 11. Be2 a5 12. Nc3 Ra6 13. Ne4 Ba7 14. Bd4 Rh6 15.
Bxa7 Qh4 16. f4 Qxh2+ 17. Kf2 Nc6 18. Ng3 Rh3 19. Nf5 d6 20. Bg4 Bxf5 21. Bxh3 Bxh3 22. Qf3 Bxg2 23. Qxg2 Qxg2+ 24. Kxg2 Nxa7 25. Kf3 Nc6 26. a3 f5 27. Rab1 Re4 28. Rfc1 h6 29. b4 axb4 30.
axb4 g5 31. b5 g4+ 32. Kf2 Na5 33. c5 Nc4 34. cxd6 cxd6 35. Rc3 d5 36. Rd1 g3+ 37. Kxg3 Nxe3 38. Rdd3 d4 39. Rc7 h5 40. Rxb7 h4+ 41. Kxh4 Rxf4+ 42. Kg5 Rg4+ 43. Kf6 f4 44. Rxd4 1-0

[Event "Late-Titled-Tuesday-Blitz-September-26-2023"]
[Site "Chess.com"]
[Date "2023.09.26"]
[Round "7"]
[White "jk13"]
[Black "DrCeltic"]
[Result "1-0"]
[WhiteElo "2626"]
[BlackElo "2453"]
[TimeControl "180+1"]
[EndTime "15:14:45 PDT"]
[Termination "jk13 won by resignation"]

1. e4 c5 2. c3 Nf6 3. e5 Nd5 4.
Bc4 e6 5. Nf3 d6 6. d4 cxd4 7.
cxd4 Be7 8. O-O O-O 9. Qe2 Nc6 10. a3 b6 11. Bd2 Bb7 12. Nc3 Nxc3 13. Bxc3 Rc8 14.
Rfe1 Qc7 15. Bd3 Rfd8 16. Rad1 dxe5 17. dxe5 Na5 18. Nd4 Bd5 19. Rc1 Bc4 20. Bxa5 Bxd3 21. Rxc7 Bxe2 22. Rxe7 Rxd4 23. Bc3 Rdd8 24. h3 Bd3 25. Rxa7 b5 26. Re3 h6 27. Kh2 g5 28.
Rg3 Bg6 29. Rg4 Bf5 30. Rb4 Rd5 31. Rb7 Rcc5 32. f3 Kg7 33. Kg3 Bd3 34. Rb8 Bc4 35. h4 Rd3 36. hxg5 hxg5 37. Rb6 Rcd5 38. a4 Re3 39.
axb5 Be2 40. Kf2 Rdd3 41. Rd4 Bd1 42. Rxd3 Rxd3 43. Rd6 Bc2 44. b6 Rd5 45. Rxd5 1-0

[Event "Late-Titled-Tuesday-Blitz-September-26-2023"]
[Site "Chess.com"]
[Date "2023.09.26"]
[Round "7"]
[White "Journey_to_GrandMaster_YT"]
[Black "AEMEffi"]
[Result "1-0"]
[WhiteElo "2601"]
[BlackElo "2373"]
[TimeControl "180+1"]
[EndTime "15:14:45 PDT"]
[Termination "Journey_to_GrandMaster_YT won on time"]

1. d4 d5 2. c4 c6 3. Nc3 Nf6 4.
Nf3 a6 5. c5 Bg4 6. Bf4 Nbd7 7.
Qb3 Ra7 8. e3 Bxf3 9. gxf3 e5 10. Bg3 Nh5 11. Bh3 Nxg3 12. hxg3 exd4 13. exd4 Be7 14. Qc2 g6 15. Kf1 Bf6 16. Re1+ Kf8 17. Qd2 Bg5 18. f4 Bf6 19. g4 g5 20. fxg5 Bxg5 21.
f4 Qf6 22. Ne2 Bh4 23. Rd1 b6 24. Kg2 bxc5 25. g5 Qe7 26. Qd3 h6 27. Bxd7 hxg5 28.
Bf5 Rb7 29. b3 c4 30. bxc4 Rb2 31. Rd2 dxc4 32. Qc3 Rxd2 33. Qxd2 Qf6 34. Qc2 gxf4 35. Nxf4 Qg5+ 36. Kf3 Qg3+ 37. Ke4 Rh6 38. Qg2 Rf6 39. Qxg3 Bxg3 40. Nh5 Rh6 41. Nxg3 Rd6 42. Rh8+ Ke7 43. Rh2 1-0

[Event "Late-Titled-Tuesday-Blitz-September-26-2023"]
[Site "Chess.com"]
[Date "2023.09.26"]
[Round "7"]
[White "DvaHrasta"]
[Black "midedu"]
[Result "1-0"]
[WhiteElo "2509"]
[BlackElo "2044"]
[TimeControl "180+1"]
[EndTime "15:14:47 PDT"]
[Termination "DvaHrasta won by checkmate"]

1. c4 Nf6 2. g3 g6 3. Bg2 Bg7 4. Nc3 d6 5. Nf3 O-O 6. O-O Nc6 7. d3 a6 8. Rb1 Rb8 9. b4 b5 10. cxb5 axb5 11. Qc2 Bd7 12. h3 e5 13. e4 h6 14.
Be3 Ne8 15. Rfc1 f5 16. Nd5 Rf7 17. Nh4 f4 18. Bd2 Kh7 19. Nf3 Nf6 20. Nxf6+ Rxf6 21. g4 Rf7 22. a4 Qe7 23. axb5 Rxb5 24. Qc4 Rb7 25.
b5 Nd8 26. Qa4 Bf6 27. Qa8 h5 28. Nh2 Rxb5 29. Ra1 Rb7 30. Bf3 hxg4 31. Nxg4 Bh4 32. Kf1 Kg7 33. Ba5 Bb5 34. Kg2 Bxd3 35. Rc3 Bb5 36.
Rac1 c6 37. Rd1 Rd7 38. Bb4 Ne6 39. Qb8 Nd4 40. Ra1 Nxf3 41. Rxf3 c5 42. Ra8 Bc6 43. Qh8# 1-0

[Event "Late-Titled-Tuesday-Blitz-September-26-2023"]
[Site "Chess.com"]
[Date "2023.09.26"]
[Round "7"]
[White "ZuraTqebuchava"]
[Black "Nekoo04"]
[Result "0-1"]
[WhiteElo "2239"]
[BlackElo "2313"]
[TimeControl "180+1"]
[EndTime "15:14:49 PDT"]
[Termination "Nekoo04 won on time"]

1. e4 c5 2. Nf3 d6 3. Bb5+ Bd7 4.
Bxd7+ Qxd7 5. c4 Nc6 6. O-O Nf6 7. Nc3 g6 8. d4 cxd4 9. Nxd4 Bg7 10. Nc2 O-O 11.
h3 Rfc8 12. Be3 Na5 13. b3 b5 14. Nxb5 Nxe4 15. Bd4 e5 16. Bb2 Rab8 17. Qd5 Rxb5 18.
Qxe4 Nxc4 19. bxc4 Rxb2 20. Ne3 Qc6 21. Qg4 f5 22. Qd1 Kh8 23. a4 f4 24. Nd5 Qxc4 25. Qg4 Rcb8 26. Rac1 Qxd5 27. Rc8+ Rxc8 28. Qxc8+ Qg8 29.
Qc3 e4 30. Qc6 Qb3 31. Qe8+ Qg8 32. Qc6 e3 33. fxe3 fxe3 34. Qxd6 e2 35. Re1 Bc3 36.
Kh2 h6 0-1

[Event "Late-Titled-Tuesday-Blitz-September-26-2023"]
[Site "Chess.com"]
[Date "2023.09.26"]
[Round "7"]
[White "Mariia89"]
[Black "cthake"]
[Result "0-1"]
[WhiteElo "2068"]
[BlackElo "1906"]
[TimeControl "180+1"]
[EndTime "15:14:50 PDT"]
[Termination "cthake won on time"]

1. d4 c5 2. d5 d6 3. Nc3 e5 4.
dxe6 Bxe6 5. e4 Nc6 6. Bb5 g6 7. Nf3 Bg7 8. O-O Ne7 9. Nd5 O-O 10. Bg5 h6 11. Bxc6 hxg5 12. Bxb7 Rb8 13. Ba6 Rxb2 14. a4 Nxd5 15. exd5 Bf5 16. c4 Rb6 17. Bb5 a6 18. a5 Rxb5 19. cxb5 Bxa1 20. Qxa1 Bd3 21. Re1 Bxb5 22. h3 Bc4 23. Qc1 Bxd5 24. Nxg5 Re8 25. Rd1 Re5 26. h4 Qxa5 27. Qf4 Re1+ 28. Rxe1 Qxe1+ 29. Kh2 Qe5 30. Kg3 Qxf4+ 31. Kxf4 a5 32. g4 a4 33. h5 gxh5 34. gxh5 a3 35. h6 a2 36. h7+ Kg7 37. Ke3 a1=Q 38. f4 Qc3+ 39.
Kf2 Qd2+ 40. Kg3 Qe3+ 41. Kg4 Be4 42. h8=Q+ Kxh8 43. Nxf7+ Kg7 44. Nxd6 Qf3+ 45. Kg5 c4 46. Nxc4 Qg2+ 0-1

[Event "Late-Titled-Tuesday-Blitz-September-26-2023"]
[Site "Chess.com"]
[Date "2023.09.26"]
[Round "7"]
[White "filipluczak05"]
[Black "venturov"]
[Result "0-1"]
[WhiteElo "2647"]
[BlackElo "2501"]
[TimeControl "180+1"]
[EndTime "15:14:51 PDT"]
[Termination "venturov won by resignation"]

1. d4 Nf6 2. Nc3 d5 3. Bf4 e6 4.
e3 a6 5. g4 h6 6. h4 c5 7. Qf3 cxd4 8. exd4 Nc6 9. O-O-O Bd6 10.
Nge2 Qc7 11. Bxd6 Qxd6 12. g5 hxg5 13. hxg5 Rxh1 14. Qxh1 Nd7 15. Qh8+ Qf8 16. Qh4 Nb6 17.
Nf4 g6 18. Bd3 Bd7 19. Nxg6 fxg6 20. Bxg6+ Kd8 21. Bd3 Kc7 22. g6 Re8 23. Qg3+ Qd6 24. Qg5 Ne7 25. Ne2 Ng8 26. Ng3 Qe7 27. Qe5+ Qd6 28. Qg5 Qe7 29. Qe5+ Qd6 30. Qe3 Nc8 31. f4 Nce7 32. Rh1 Nf6 33. c3 Rg8 34. Ne2 Nxg6 35. Rh6 Ng4 36. Qh3 Nxh6 37. Qxh6 Ne7 38. Kc2 Nf5 39. Qf6 Qf8 40. Qe5+ Qd6 41. Qf6 Rf8 42. Qg6 Qe7 43. Qg1 Qg7 44. Qh1 Rg8 45. Bxf5 exf5 46. Qxd5 Bc6 47. Qc5 Qf8 48. Qe5+ Qd6 49.
Qxf5 Re8 50. Ng3 Qe6 51. Qh7+ Re7 52. Qd3 Be4 53. Nxe4 Qxe4 54. f5 Qe2+ 55. Qxe2 Rxe2+ 56. Kd3 Rxb2 57. Ke3 Kd6 0-1

[Event "Late-Titled-Tuesday-Blitz-September-26-2023"]
[Site "Chess.com"]
[Date "2023.09.26"]
[Round "7"]
[White "WPWPWP-2015"]
[Black "Rutricks"]
[Result "0-1"]
[WhiteElo "2509"]
[BlackElo "2680"]
[TimeControl "180+1"]
[EndTime "15:14:52 PDT"]
[Termination "Rutricks won by resignation"]

1. e4 g6 2. d4 Bg7 3. Nc3 c6 4. a4 d5 5. e5 f6 6. f4 Nh6 7. Nf3 Bg4 8. Be2 O-O 9. Be3 Bxf3 10. Bxf3 fxe5 11. dxe5 e6 12. O-O Nd7 13. a5 Qe7 14. Ne2 g5 15. g3 gxf4 16. gxf4 Nf5 17. Bf2 Kh8 18. Kh1 Bh6 19. Rg1 Qb4 20. c3 Qe7 21. Qa4 Nh4 22. Bg4 Ng6 23. Bg3 Rf7 24. Raf1 Raf8 25. Bh3 Nc5 26. Qd4 Ne4 27. b4 Nxf4 28. Bg4 Ng6 29. Rxf7 Qxf7 30. Kg2 Bg7 31.
Bh5 Nh4+ 32. Bxh4 Qxh5 33. Ng3 Qf3+ 34. Kh3 Nf2+ 35. Qxf2 Qxf2 36. Rg2 Qf3 37. a6 bxa6 38. Re2 Rf4 39. Bg5 Qg4+ 40. Kg2 Qxg5 41. b5 axb5 42. Ra2 Bxe5 43. Rxa7 Rg4 44. Ra8+ Kg7 45. Ra7+ Kf8 46. Ra8+ Ke7 47. Ra7+ Kd6 48. Rd7+ Kxd7 49. Kh1 Rxg3 50. hxg3 Qxg3 0-1

[Event "Late-Titled-Tuesday-Blitz-September-26-2023"]
[Site "Chess.com"]
[Date "2023.09.26"]
[Round "7"]
[White "schack_vit"]
[Black "djano"]
[Result "0-1"]
[WhiteElo "2467"]
[BlackElo "2651"]
[TimeControl "180+1"]
[EndTime "15:14:52 PDT"]
[Termination "djano won by resignation"]

1. c4 e6 2. g3 d5 3. Bg2 Nf6 4. Nf3 Be7 5. O-O O-O 6. d4 Ne4 7. b3 c6 8. Qc2 Nd7 9. Bf4 b6 10. Nbd2 f5 11. Ne5 Nxe5 12. Bxe5 Bf6 13. Nf3 Bb7 14.
Rfd1 Rc8 15. Ne1 Qe7 16. Nd3 c5 17. dxc5 Nxc5 18. Bxf6 Qxf6 19. cxd5 Ne4 20. Qb2 Nc3 21. Rd2 Bxd5 22. Bxd5 Nxd5 23. Qxf6 gxf6 24. Nb2 b5 25. f3 Rf7 26. Kf2 Rfc7 27. a4 Rc2 28. Rad1 Nc3 29. Rd8+ Rxd8 30. Rxd8+ Kf7 31. Nd3 Rxe2+ 32. Kf1 a6 33.
Rc8 Rc2 34. Rc6 e5 35. Rxa6 bxa4 36. bxa4 e4 37. fxe4 fxe4 38. Nf4 e3 39. Ra7+ Ke8 40. Ra6 Rxh2 41. Re6+ Kf7 42. Rxe3 Nxa4 43. Nd5 Nc5 44.
Re7+ Kf8 45. Re3 f5 46. Rf3 Ne4 47. Rxf5+ Kg7 48. Rf3 Nd2+ 0-1

[Event "Late-Titled-Tuesday-Blitz-September-26-2023"]
[Site "Chess.com"]
[Date "2023.09.26"]
[Round "7"]
[White "PawnEatingZombie"]
[Black "RIPOL"]
[Result "0-1"]
[WhiteElo "2157"]
[BlackElo "2406"]
[TimeControl "180+1"]
[EndTime "15:14:52 PDT"]
[Termination "RIPOL won on time"]

1. e4 Nf6 2. Nc3 d5 3. e5 Nfd7 4. f4 e6 5. d4 c5 6. Nf3 Nc6 7.
Be3 Be7 8. Be2 b6 9. O-O O-O 10.
Qd2 f5 11. Kh1 Bb7 12. a3 cxd4 13. Nxd4 Nc5 14. b4 Nxd4 15. Bxd4 Ne4 16. Nxe4 dxe4 17.
Qe3 Rc8 18. c3 Qc7 19. g4 fxg4 20. Bxg4 Bd5 21. Rg1 Kh8 22. Raf1 Qc4 23. f5 Qd3 24. f6 Qxe3 25. Bxe3 gxf6 26. exf6 Bxf6 27. Rxf6 Rxf6 28.
h3 Re8 29. Rc1 Bc4 30. Kg2 e5 31. Kg3 Rg8 32. Kh4 Rf1 33. Rc2 Re1 34. Bg5 Rg6 35. Bf5 Rd6 36. Rg2 Re2 37. Rg4 e3 38. Be7 Rc6 39. Bd7 Rh6+ 40. Kg5 Rg6+ 41. Kf5 Rxg4 42. hxg4 Rf2+ 43. Kxe5 e2 44. Bf5 e1=Q+ 45. Kf6 Rxf5+ 46. gxf5 Qe4 0-1

[Event "Late-Titled-Tuesday-Blitz-September-26-2023"]
[Site "Chess.com"]
[Date "2023.09.26"]
[Round "7"]
[White "Kostukov_Alex"]
[Black "gordonzyxu"]
[Result "0-1"]
[WhiteElo "2396"]
[BlackElo "2201"]
[TimeControl "180+1"]
[EndTime "15:14:52 PDT"]
[Termination "gordonzyxu won by resignation"]

1. g3 Nf6 2. Bg2 g6 3. c4 c6 4. Nf3 Bg7 5. O-O O-O 6. d4 d5 7. Ne5 Nbd7 8. Bf4 Nh5 9. cxd5 Nxf4 10. gxf4 cxd5 11. Bxd5 e6 12. Bg2 Qb6 13. Qd2 Rd8 14. Nf3 Nf6 15. e3 Qd6 16. Nc3 Bd7 17. Ne5 Bc6 18.
Bxc6 bxc6 19. Rac1 c5 20. Nb5 Qb6 21. Rxc5 Qxc5 22.
Nc3 Qb6 23. Na4 Qd6 24. Qa5 Nd7 25. Nd3 Nb6 26. Nac5 Rdc8 27. Ne5 Bxe5 28. fxe5 Qd5 29. Qa3 Nc4 30. Qc3 Nxe5 31. e4 Qc6 32. b4 Nd7 33. Qe3 Nxc5 34. bxc5 e5 35. dxe5 Qxc5 36. Qf4 Re8 37. Rd1 Qxe5 38. Qe3 Qxe4 39. Qb3 Qg4+ 40.
Kf1 Rab8 41. Qc2 Rbc8 42. Qd2 Rcd8 43. Qxd8 Rxd8 44. Rxd8+ Kg7 45. Rd2 Qc4+ 46. Ke1 Qc3 47. Ke2 Kf6 48. Rd3 Qc2+ 49. Rd2 Qe4+ 50. Kf1 Qh1+ 51.
Ke2 Qxh2 52. Rd3 Qe5+ 53. Re3 Qb2+ 54. Kf3 Qxa2 0-1

[Event "Late-Titled-Tuesday-Blitz-September-26-2023"]
[Site "Chess.com"]
[Date "2023.09.26"]
[Round "7"]
[White "dorpato"]
[Black "Sacbutt"]
[Result "1-0"]
[WhiteElo "2036"]
[BlackElo "2254"]
[TimeControl "180+1"]
[EndTime "15:14:54 PDT"]
[Termination "dorpato won on time"]

1. e4 e6 2. d4 d5 3. e5 c5 4. c3 Nc6 5. Nf3 Qb6 6. a3 c4 7.
Nbd2 Bd7 8. Rb1 Na5 9. h4 Nb3 10. Nxb3 Ba4 11. Nfd2 Rc8 12. Be2 Ne7 13. h5 Nc6 14.
O-O Na5 15. Qe1 Bxb3 16. Bd1 Bxd1 17. Qxd1 h6 18. Qa4+ Rc6 19. b4 cxb3 20. Nxb3 Nxb3 21. Rxb3 Qc7 22. Qxa7 Be7 23. Rxb7 Qd8 24. Qa4 Qc8 25. Rb6 Kd7 26. Bd2 Qc7 27. Rfb1 Ra8 28. Qxa8 Rxb6 29.
Qa4+ Kc8 30. Qe8+ Bd8 31. Rxb6 Qxb6 32. Qa4 Qb1+ 33. Kh2 Qd3 34. Qc6+ Bc7 35. Qe8+ Kb7 36. Be3 Qxc3 37. Qxf7 Qxa3 38. Qxe6 Qf8 39. Qxd5+ Kb8 40. Qf3 Qe7 41. Qh3 Qd8 42. Qg4 Qe7 43.
Kh3 Bd8 44. f4 g5 45. f5 Qa3 46. Qg3 1-0

[Event "Late-Titled-Tuesday-Blitz-September-26-2023"]
[Site "Chess.com"]
[Date "2023.09.26"]
[Round "7"]
[White "Firouzja2003"]
[Black "GMBenjaminBok"]
[Result "1-0"]
[WhiteElo "3096"]
[BlackElo "2962"]
[TimeControl "180+1"]
[EndTime "15:14:55 PDT"]
[Termination "Firouzja2003 won on time"]

1. e4 c5 2. Nf3 d6 3. d4 cxd4 4.
Nxd4 Nf6 5. Nc3 a6 6. Bg5 Nbd7 7.
Qe2 e6 8. f4 Qc7 9. O-O-O b5 10.
a3 Be7 11. g4 Rb8 12. Bh4 h6 13. Bg2 b4 14. axb4 Rxb4 15. Be1 Qb6 16. Bf2 Nc5 17. b3 Bb7 18. h4 g6 19. g5 hxg5 20.
hxg5 Rxh1 21. Bxh1 Nh5 22. Qe3 Qc7 23. Kb2 Bf8 24.
Bf3 Bg7 25. Bxh5 gxh5 26. f5 Be5 27. Bg3 Bxg3 28. Qxg3 e5 29. Nde2 Nxe4 30. Nxe4 Bxe4 31. Nc3 Bxf5 32. Rf1 Bg6 33. Qf3 Qb7 34. Qe2 Qc6 35.
Rd1 a5 36. Nd5 Re4 37. Nf6+ Kf8 38. Nxe4 Bxe4 39. Qd2 Ke7 40. c4 Bg6 41. Qxa5 1-0

[Event "Late-Titled-Tuesday-Blitz-September-26-2023"]
[Site "Chess.com"]
[Date "2023.09.26"]
[Round "7"]
[White "krzyzan94"]
[Black "Djager97"]
[Result "0-1"]
[WhiteElo "2783"]
[BlackElo "2589"]
[TimeControl "180+1"]
[EndTime "15:14:57 PDT"]
[Termination "Djager97 won on time"]

1. e4 e6 2. d4 d5 3. Nc3 Nf6 4.
e5 Nfd7 5. Nce2 c5 6. c3 Nc6 7.
Nf3 b5 8. g3 a5 9. Bg2 b4 10. O-O Ba6 11. Re1 Bxe2 12. Qxe2 Be7 13. h4 O-O 14. Bg5 bxc3 15. bxc3 cxd4 16. cxd4 Nb6 17.
Rab1 h6 18. Bxe7 Nxe7 19. g4 Rb8 20. h5 Nc4 21. Bh3 Rxb1 22. Rxb1 Qc7 23. g5 Rb8 24. Rc1 Qb6 25. Kg2 hxg5 26. Rc3 Qb2 27. Rc2 Qa1 28. Bg4 Nc6 29. Rxc4 dxc4 30. d5 Nd4 31. Nxd4 Qxd4 32. dxe6 Qd5+ 33. Kh2 fxe6 34. Qe3 Rf8 35. Kg1 Rf4 36. Bh3 Qd1+ 37. Kg2 Qd4 38. Bxe6+ Kh8 39. Qg3 Qxe5 40. Bg4 c3 41. Kh3 c2 42. Qd3 Rxg4 43.
Qd8+ Kh7 44. Qd3+ Qe4 0-1

[Event "Late-Titled-Tuesday-Blitz-September-26-2023"]
[Site "Chess.com"]
[Date "2023.09.26"]
[Round "7"]
[White "brm72"]
[Black "KaydenTroffChess"]
[Result "1-0"]
[WhiteElo "2518"]
[BlackElo "2751"]
[TimeControl "180+1"]
[EndTime "15:14:57 PDT"]
[Termination "brm72 won by resignation"]

1. e4 c5 2. Nf3 g6 3. d4 cxd4 4. Nxd4 Bg7 5. Be3 Nf6 6. Nc3 Nc6 7. f3 O-O 8. Bc4 e6 9. Qd2 d5 10. exd5 Nxd5 11. Bxd5 exd5 12. O-O Re8 13. Bf2 Ne5 14. b3 Qa5 15. Rad1 Bd7 16. Ncb5 Qb6 17. a4 Qd8 18. Rfe1 Bc6 19. Bg3 a6 20. Nc3 Nd7 21. h3 Qb6 22. Bf2 Qa5 23. Kh2 Rac8 24. f4 Nf6 25. Qd3 Bd7 26.
Rxe8+ Bxe8 27. Nde2 Bc6 28. Bd4 Qc7 29. Be5 Qe7 30.
Nd4 Bd7 31. Nde2 Be6 32. Nd4 Bd7 33. Nf3 Bf5 34. Qd2 Ne4 35. Nxe4 dxe4 36. Bxg7 exf3 37. Bc3 fxg2 38. Qd4 f6 39. Re1 Qc7 40. Re3 Rf8 41. Kxg2 Qc6+ 42. Kg3 Rf7 43. Qd8+ Kg7 44. Bd4 Rd7 45.
Re7+ Rxe7 46. Qxe7+ Kh6 47. Bxf6 Qd7 48. Bg5+ Kh5 49.
Qe2+ Bg4 50. hxg4+ 1-0

[Event "Late-Titled-Tuesday-Blitz-September-26-2023"]
[Site "Chess.com"]
[Date "2023.09.26"]
[Round "7"]
[White "Chessbard1972"]
[Black "amanmuhammethommadov"]
[Result "0-1"]
[WhiteElo "2386"]
[BlackElo "2602"]
[TimeControl "180+1"]
[EndTime "15:14:57 PDT"]
[Termination "amanmuhammethommadov won by checkmate"]

1. d4 Nf6 2. c4 g6 3. Nf3 Bg7 4. g3 O-O 5. Bg2 d6 6. O-O c6 7. Nc3 Bf5 8. Ne1 e5 9. e4 Bd7 10. d5 cxd5 11. cxd5 b5 12. b4 a5 13. Nd3 Na6 14. Rb1 a4 15. a3 Qb8 16. Be3 Ng4 17. Bd2 Rc8 18. h3 Nf6 19. Rc1 Ra7 20. Ne2 Rac7 21. Bc3 Rc4 22. f3 Qb6+ 23. Kh2 Qe3 24. Nb2 Rxc3 25. Nxc3 Rxc3 26. Rxc3 Qxc3 27. Qa1 Bh6 28.
f4 exf4 29. gxf4 Nh5 30. Rf3 Bxf4+ 31. Kg1 Qd4+ 32. Kh1 Ng3+ 33. Kh2 Be5 34. Qb1 Nxe4+ 35. Kh1 Nf2+ 36. Kg1 Nxh3+ 37. Kh1 Nf2+ 38. Kg1 Nd1+ 39. Kf1 Nxb2 40. Qc2 Nc4 41. Qf2 Qxf2+ 42. Kxf2 Nxa3 43.
Rxa3 Nxb4 44. Bf1 Nc2 45. Ra2 Nd4 46. Rb2 a3 47. Ra2 b4 48. Bc4 Bb5 49. Bxb5 Nxb5 50. Ke3 Bb2 51. Kd3 Nc3 52. Kc2 Nxa2 53. Kb3 Nc3 54. Kc2 h5 55. Kd3 h4 56. Kc4 h3 57.
Kd4 h2 58. Kd3 h1=Q 59. Kc2 Qd1# 0-1

[Event "Late-Titled-Tuesday-Blitz-September-26-2023"]
[Site "Chess.com"]
[Date "2023.09.26"]
[Round "7"]
[White "TheMagician"]
[Black "ExchangeAB"]
[Result "1/2-1/2"]
[WhiteElo "2262"]
[BlackElo "2410"]
[TimeControl "180+1"]
[EndTime "15:14:57 PDT"]
[Termination "Game drawn by repetition"]

1. a3 d5 2. e3 e5 3. b4 g6 4.
Bb2 Bg7 5. f4 Nd7 6. Nf3 Qe7 7.
Nc3 c6 8. fxe5 Nxe5 9. Be2 Nh6 10. O-O O-O 11. Nd4 Nf5 12. Nxf5 Bxf5 13. h3 b5 14. Rc1 a5 15. bxa5 Rxa5 16. Qe1 Nc4 17.
Bxc4 bxc4 18. Qg3 Be5 19. Qe1 Bd7 20. a4 Rb8 21. Ba1 Qd6 22. Qf2 Be6 23. Ne2 Rxa4 24. Bxe5 Qxe5 25. Nd4 Ra6 26. Rb1 Rab6 27. Ra1 c5 28.
Nxe6 Qxe6 29. Ra7 R6b7 30. Ra5 Rc8 31. c3 Rbc7 32. Qh4 f5 33. Rfa1 Qe7 34. Qxe7 Rxe7 35. Rb5 d4 36. Raa5 dxe3 37. dxe3 Rxe3 38. Rb7 Rxc3 39.
Raa7 Re3 40. Rg7+ Kf8 41. Rxh7 Kg8 42. Rag7+ Kf8 43. Rb7 Kg8 44. Rbg7+ Kf8 45. Rb7 Kg8 46. Rbg7+ 1/2-1/2

[Event "Late-Titled-Tuesday-Blitz-September-26-2023"]
[Site "Chess.com"]
[Date "2023.09.26"]
[Round "7"]
[White "Danishcrown"]
[Black "chosenpr"]
[Result "1-0"]
[WhiteElo "2119"]
[BlackElo "2277"]
[TimeControl "180+1"]
[EndTime "15:14:57 PDT"]
[Termination "Danishcrown won by resignation"]

1. d4 Nf6 2. c4 e6 3. Nf3 Bb4+ 4. Bd2 Qe7 5. g3 O-O 6. Bg2 Nc6 7. O-O Bxd2 8. Qxd2 d6 9. Nc3 e5 10. dxe5 Nxe5 11. b3 c6 12. Nd4 Bd7 13. Rad1 Rad8 14.
h3 Rfe8 15. e4 c5 16. Nc2 Bc6 17. f4 Ng6 18. Rfe1 Nh5 19. Qf2 Qf6 20. Rd3 Nf8 21.
Ne3 Qe7 22. Nf5 Qc7 23. g4 Nf6 24. g5 Nh5 25. Ne3 Ne6 26. Ncd5 Qb8 27. h4 Nd4 28.
Bh3 b5 29. Bg4 bxc4 30. bxc4 g6 31. Bxh5 gxh5 32. Nf6+ Kh8 33. Nxe8 Rxe8 34. Nd5 Qc8 35. Rxd4 cxd4 36. Qxd4+ Kg8 37. Nf6+ Kf8 38. Nxe8 Kxe8 39. Qh8+ Kd7 40. Qxc8+ Kxc8 41. Kf2 Kd7 42. Ke3 Bb7 43. Kd4 Ba6 44. a3 Ke6 45. f5+ Ke7 46. e5 Kd7 47. exd6 Kxd6 48. f6 Bc8 49. Re7 Be6 50. c5+ Kc6 51. Rxe6+ fxe6 52. f7 1-0

[Event "Late-Titled-Tuesday-Blitz-September-26-2023"]
[Site "Chess.com"]
[Date "2023.09.26"]
[Round "7"]
[White "German_Bazeev"]
[Black "Arteler"]
[Result "1/2-1/2"]
[WhiteElo "2750"]
[BlackElo "2593"]
[TimeControl "180+1"]
[EndTime "15:15:00 PDT"]
[Termination "Game drawn by repetition"]

1. c4 c6 2. Nf3 d5 3. e3 Nf6 4.
Nc3 a6 5. b3 Bf5 6. Bb2 h6 7.
Be2 Nbd7 8. O-O e5 9. d4 e4 10. Ne5 Bd6 11. Na4 O-O 12. cxd5 cxd5 13. Rc1 Qe7 14.
Nxd7 Nxd7 15. Nc5 Nf6 16. a4 Rac8 17. a5 Bxc5 18. dxc5 Rxc5 19. Ba3 Rxc1 20. Qxc1 Qe5 21. Bxf8 Kxf8 22. Qc5+ Kg8 23. Qb6 Bg4 24. Bxg4 Nxg4 25. Qd8+ Kh7 26. Qh4 f5 27. Qg3 Qc3 28. h3 Nf6 29. Qf4 Kg6 30. g4 fxg4 31. hxg4 Qxa5 32. Qf5+ Kf7 33. Rc1 Qb6 34. Qc8 Ne8 35. Qd7+ Kf8 36. Qxd5 Qg6 37. Qf5+ Qxf5 38. gxf5 Ke7 39. Kg2 Nd6 40.
Kg3 Nxf5+ 41. Kf4 Nd6 42. Ke5 Nf7+ 43. Kxe4 Kd6 44. Kf5 g5 45. Rd1+ Kc5 46. e4 Nd6+ 47. Rxd6 Kxd6 48. Kf6 Kd7 49. Kf7 Kd6 50. Kf6 Kd7 51.
Kf7 Kd6 52. Kf6 1/2-1/2

[Event "Late-Titled-Tuesday-Blitz-September-26-2023"]
[Site "Chess.com"]
[Date "2023.09.26"]
[Round "7"]
[White "UK_23"]
[Black "HamedWafa4"]
[Result "0-1"]
[WhiteElo "2458"]
[BlackElo "2644"]
[TimeControl "180+1"]
[EndTime "15:15:02 PDT"]
[Termination "HamedWafa4 won by resignation"]

1. e4 e5 2. Nf3 Nc6 3. Bc4 Bc5 4. O-O Nf6 5. d3 O-O 6. Re1 d6 7. c3 a6 8. Bb3 Ba7 9. Nbd2 Ng4 10. Re2 Kh8 11. Nf1 f5 12. h3 fxe4 13. dxe4 Nf6 14.
Be3 Bxe3 15. Rxe3 Qe8 16. Ng3 Be6 17. Bxe6 Qxe6 18. Qb3 Qd7 19. Rd1 b5 20. Ng5 Rae8 21. Qc2 h6 22. Nf3 Qf7 23. a4 Nd7 24. axb5 axb5 25.
Ra1 Nc5 26. Ree1 Qe6 27. Kh2 b4 28. Red1 Rf4 29. Re1 Ref8 30. Re3 b3 31. Qd2 Ne7 32. Ra7 Qd7 33. Qd1 Nc8 34. Ra8 Nb6 35. Rxf8+ Rxf8 36. Nh4 Nc4 37. Ng6+ Kg8 38. Nxf8 Kxf8 39. Rf3+ Kg8 40.
Qd5+ Qe6 41. Nf5 Qxd5 42. exd5 Na4 43. Ne7+ Kh7 44. Rf7 Naxb2 45. Nc6 Nd3 46. Rxc7 Nc5 47. Nd8 b2 48. Ne6 b1=Q 49. Rxg7+ Kh8 0-1

[Event "Late-Titled-Tuesday-Blitz-September-26-2023"]
[Site "Chess.com"]
[Date "2023.09.26"]
[Round "7"]
[White "eCztery"]
[Black "hansen"]
[Result "0-1"]
[WhiteElo "2429"]
[BlackElo "2899"]
[TimeControl "180+1"]
[EndTime "15:15:03 PDT"]
[Termination "hansen won by checkmate"]

1. e4 c6 2. Nc3 d5 3. Qf3 e6 4.
d3 Nd7 5. Qg3 Ngf6 6. Bd2 b5 7.
e5 Nh5 8. Qf3 g6 9. d4 b4 10. Nce2 c5 11. c3 Qb6 12. Nh3 Ba6 13.
Ng5 f6 14. exf6 Nhxf6 15. Nf4 Bxf1 16. Rxf1 cxd4 17. Ngxe6 bxc3 18. bxc3 dxc3 19. Qxc3 Bd6 20. Nxd5 Be5 21. Nxb6 Bxc3 22. Bxc3 axb6 23. Nc7+ Kf7 24. Nxa8 Rxa8 25. Kd2 Ne4+ 26. Kc2 Rc8 27. Kd3 Nxc3 28. Rfc1 Ne5+ 29. Kd2 Ne4+ 30. Ke3 Nc5 31. f3 Ra8 32. Rab1 Ra3+ 33. Kd4 Ncd7 34. Rc7 Ke6 35. f4 Kd6 36. Rb7 Ra4+ 37. Ke3 Nc4+ 38. Kf2 Kc6 39. Rb8 Nxb8 40. Re1 Kd7 41. Kg3 Nd6 42. Kg4 Nf7 43. g3 Nc6 44. Rb1 Rb4 45. Rd1+ Ke6 46. a3 Rb2 47.
Re1+ Kf6 48. h4 h5+ 49. Kh3 Nd4 50. Rd1 Nf3 51. Rh1 Nh6 52. g4 hxg4+ 53. Kg3 Nd4 54. h5 Ndf5# 0-1

[Event "Late-Titled-Tuesday-Blitz-September-26-2023"]
[Site "Chess.com"]
[Date "2023.09.26"]
[Round "7"]
[White "Jarming"]
[Black "0gZPanda"]
[Result "1-0"]
[WhiteElo "2677"]
[BlackElo "3017"]
[TimeControl "180+1"]
[EndTime "15:15:04 PDT"]
[Termination "Jarming won by resignation"]

1. c4 Nf6 2. g3 h5 3. h3 h4 4.
g4 e5 5. Bg2 c6 6. d3 d5 7. cxd5 cxd5 8. Nc3 Be6 9. Nf3 Nc6 10.
Ng5 Bc5 11. Nxe6 fxe6 12. O-O O-O 13. Bg5 Qe8 14. Bxh4 Qg6 15. Rc1 Bb6 16. Na4 Bc7 17. Nc5 Bb6 18. Nxe6 Rfe8 19. Nc5 e4 20. Nxb7 Ne5 21.
Nd6 Re6 22. Bg3 e3 23. f4 Nexg4 24. f5 Qg5 25. Bf4 Qh4 26. fxe6 Nf2 27. Qe1 Qxf4 28.
Nb5 Qg3 29. Qb4 Nxh3+ 30. Kh1 Ng4 31. Qd6 Ngf2+ 32. Rxf2 Nxf2+ 33. Kg1 Nh3+ 34. Kh1 Nf4 35. Bf3 Rd8 36. e7 Qh3+ 37. Kg1 Qg3+ 38. Kh1 Re8 39. Qd7 Qh4+ 40. Kg1 Rxe7 41. Qc8+ Kh7 42.
Qg4 Qf2+ 43. Kh1 Rf7 44. Rg1 a6 45. Nd6 Re7 46. Nf5 Rf7 47. Nd6 Re7 48. Qxf4 Bc7 49. Qf5+ Kg8 50. Qxd5+ Kh7 51. Qh5+ Kg8 52. Nf5 Rf7 53.
Nh6+ 1-0